SKY
SAN DIEGO PADRES @ COLORADO ROCKIES
05/28/2052
 
TOP OF THE 1ST
San Diego Padres batting - Pitching for Colorado Rockies : LHP Sebastian Nodal
Pitching: LHP Sebastian Nodal
Batting: RHB Silvio Sevilla 0-0: Ball
1-0: Foul Ball, location: 9LDF
1-1: Ball
2-1: Ball
3-1: Base on Balls
Batting: RHB Des Galindo 0-0: Called Strike
0-1: Foul Ball, location: 3DF
0-2: Ball
1-2: Foul Ball, location: 3DF
1-2: Strikes out swinging
Batting: LHB Eric Ho 0-0: Called Strike
Silvio Sevilla steals 2nd base
0-1: Ground out 3-1 (Groundball, 34S, EV 70.6 MPH)
Silvio Sevilla to third
Batting: LHB Owen Chandler 0-0: Swinging Strike
0-1: Foul Ball, location: 2F
0-2: Foul Ball, location: 3F
0-2: Ball
1-2: Ball
2-2: Foul Ball, location: 5FF
2-2: Ball
3-2: Hit by Pitch
Batting: SHB Dexter Greer 0-0: Foul Ball, location: 3F
0-1: Foul Ball, location: 2F
0-2: Strikes out looking
Top of the 1st over - 0 runs, 0 hits, 0 errors, 2 left on base; San Diego 0 - Colorado 0
BOTTOM OF THE 1ST
Colorado Rockies batting - Pitching for San Diego Padres : RHP Ethan Lyon
Pitching: RHP Ethan Lyon
Batting: RHB Kymani Whitley 0-0: Called Strike
0-1: Foul Ball, location: 2F
0-2: Foul Ball, location: 3F
0-2: Ball
1-2: Strikes out swinging
Batting: LHB Landon Ramsburg 0-0: Called Strike
0-1: SINGLE (Groundball, 34D, EV 95.6 MPH)
Batting: RHB Henry Vandervort 0-0: Called Strike
0-1: Ball
1-1: Ball
2-1: Ball
Pickoff Throw to First - Out! 1-3
3-1: Base on Balls
Batting: RHB Keiran Coleman 0-0: Ball
Henry Vandervort is caught stealing 2nd base 2-4
Bottom of the 1st over - 0 runs, 1 hit, 0 errors, 0 left on base; San Diego 0 - Colorado 0
TOP OF THE 2ND
San Diego Padres batting - Pitching for Colorado Rockies : LHP Sebastian Nodal
Batting: LHB Lester Flores 0-0: Ground out 4-3 (Groundball, 4, EV 78.1 MPH)
Batting: RHB Trinidad Apodaca 0-0: Called Strike
0-1: Foul Ball, location: 25F
0-2: SINGLE (Line Drive, 78S, EV 91.3 MPH)
Batting: RHB Rudy Hughes 0-0: Fly out, F7 (Flyball, 78M, EV 90.6 MPH)
Batting: RHB Josiah Henderson 0-0: Foul Ball, location: 2F
0-1: Fly out, F8 (Flyball, 8LD, EV 77.5 MPH)
Top of the 2nd over - 0 runs, 1 hit, 0 errors, 1 left on base; San Diego 0 - Colorado 0
BOTTOM OF THE 2ND
Colorado Rockies batting - Pitching for San Diego Padres : RHP Ethan Lyon
Batting: RHB Keiran Coleman 0-0: SOLO HOME RUN (Flyball, 78XD, EV 98.1 MPH), Distance : 407 ft
Batting: RHB Vic Soler 0-0: Ball
1-0: Ground out 6-3 (Groundball, 6, EV 110.0 MPH)
Batting: LHB Damian Rinehart 0-0: Ball
1-0: Ball
2-0: SINGLE (Flyball, 34D, EV 85.0 MPH)
Batting: LHB Dave Ramsey 0-0: Ball
1-0: Ball
2-0: Ball
3-0: Base on Balls
Damian Rinehart to second
Batting: RHB Matthew Stephens 0-0: Ball
1-0: Grounds into double play, 6-4-3 (Groundball, 6, EV 84.4 MPH)
Bottom of the 2nd over - 1 run, 2 hits, 0 errors, 1 left on base; San Diego 0 - Colorado 1
TOP OF THE 3RD
San Diego Padres batting - Pitching for Colorado Rockies : LHP Sebastian Nodal
Batting: RHB Silvio Sevilla 0-0: SINGLE (Line Drive, 8LS, EV 96.9 MPH)
Batting: RHB Des Galindo 0-0: Called Strike
0-1: Bunted foul
0-2: Ball
1-2: Foul Ball, location: 2F
1-2: Fly out, F8 (Flyball, 8LD, EV 107.5 MPH)
Batting: LHB Eric Ho 0-0: Ball
1-0: SINGLE (Line Drive, 34D, EV 94.4 MPH)
Silvio Sevilla to second
Runner from 2nd tries for 3rd, SAFE, throw by RF made to third
Batting: LHB Owen Chandler 0-0: Ball
1-0: Ball
2-0: SINGLE (Groundball, 6MD, EV 95.6 MPH)
Silvio Sevilla scores
Eric Ho to second
Batting: SHB Dexter Greer 0-0: Swinging Strike
0-1: Ball
1-1: Swinging Strike
1-2: Strikes out swinging
Batting: LHB Lester Flores 0-0: Foul Ball, location: 25F
0-1: Ball
1-1: SINGLE (Groundball, 4MD, EV 102.5 MPH)
Eric Ho to third
Owen Chandler to second
Runner from 3rd tries for Home, throw by CF and OUT! 8-2
Top of the 3rd over - 1 run, 4 hits, 0 errors, 2 left on base; San Diego 1 - Colorado 1
BOTTOM OF THE 3RD
Colorado Rockies batting - Pitching for San Diego Padres : RHP Ethan Lyon
Batting: SHB José Carreon 0-0: Foul Ball, location: 3F
0-1: Ground out U3 (Groundball, 34, EV 88.8 MPH)
Batting: RHB Kymani Whitley 0-0: Ball
1-0: Called Strike
1-1: Fly out, F9 (Flyball, 89M, EV 90.0 MPH)
Batting: LHB Landon Ramsburg 0-0: Ball
1-0: Called Strike
1-1: Swinging Strike
1-2: Ground out 4-3 (Groundball, 34D, EV 104.4 MPH)
Bottom of the 3rd over - 0 runs, 0 hits, 0 errors, 0 left on base; San Diego 1 - Colorado 1
TOP OF THE 4TH
San Diego Padres batting - Pitching for Colorado Rockies : LHP Sebastian Nodal
Batting: RHB Trinidad Apodaca 0-0: Swinging Strike
0-1: Fly out, F7 (Flyball, 7, EV 88.8 MPH)
Batting: RHB Rudy Hughes 0-0: Called Strike
0-1: Ball
1-1: SINGLE (Groundball, 4MD, EV 105.6 MPH)
Batting: RHB Josiah Henderson 0-0: Swinging Strike
0-1: Fly out, F9 (Flyball, 89M, EV 79.4 MPH)
Batting: RHB Silvio Sevilla 0-0: SINGLE (Line Drive, 89M, EV 102.5 MPH)
Rudy Hughes to second
Batting: RHB Des Galindo 0-0: Called Strike
0-1: Fly out, F8 (Line Drive, 89D, EV 100.0 MPH)
Top of the 4th over - 0 runs, 2 hits, 0 errors, 2 left on base; San Diego 1 - Colorado 1
BOTTOM OF THE 4TH
Colorado Rockies batting - Pitching for San Diego Padres : RHP Ethan Lyon
Batting: RHB Henry Vandervort 0-0: Called Strike
0-1: Ball
1-1: Ball
2-1: Foul Ball, location: 25FF
2-2: Ground out 5-3 (Groundball, 56, EV 99.4 MPH)
Batting: RHB Keiran Coleman 0-0: Foul Ball, location: 2F
0-1: Ball
1-1: Foul Ball, location: 9LDF
1-2: Ball
2-2: Ball
3-2: Strikes out swinging
Batting: RHB Vic Soler 0-0: Ball
1-0: Foul Ball, location: 2F
1-1: Foul Ball, location: 3DF
1-2: Ball
2-2: Foul Ball, location: 2F
2-2: Hit by Pitch
Batting: LHB Damian Rinehart 0-0: Ball
1-0: Ground out 4-3 (Groundball, 4, EV 81.3 MPH)
Bottom of the 4th over - 0 runs, 0 hits, 0 errors, 1 left on base; San Diego 1 - Colorado 1
TOP OF THE 5TH
San Diego Padres batting - Pitching for Colorado Rockies : LHP Sebastian Nodal
Batting: LHB Eric Ho 0-0: Ball
1-0: Ball
2-0: Called Strike
2-1: SINGLE (Line Drive, 3D, EV 104.4 MPH)
Batting: LHB Owen Chandler 0-0: Called Strike
0-1: Ball
1-1: Foul Ball, location: 2F
1-2: Strikes out swinging
Batting: SHB Dexter Greer 0-0: SINGLE (Line Drive, 4D, EV 93.8 MPH)
Eric Ho to second
Runner from 2nd tries for 3rd, SAFE, throw by RF made to third
Batting: LHB Lester Flores 0-0: Swinging Strike
0-1: Swinging Strike
0-2: Ball
1-2: Strikes out swinging
Batting: RHB Trinidad Apodaca 0-0: SINGLE (Line Drive, 89S, EV 91.3 MPH)
Eric Ho scores
Dexter Greer to second
Runner from 2nd tries for 3rd, SAFE, throw by RF made to third
Batting: RHB Rudy Hughes 0-0: Fly out, F7 (Flyball, 7, EV 83.1 MPH)
Top of the 5th over - 1 run, 3 hits, 0 errors, 2 left on base; San Diego 2 - Colorado 1
BOTTOM OF THE 5TH
Colorado Rockies batting - Pitching for San Diego Padres : RHP Ethan Lyon
Batting: LHB Dave Ramsey 0-0: Ball
1-0: Ball
2-0: Foul Ball, location: 7LMF
2-1: Foul Ball, location: 2F
2-2: Foul Ball, location: 2F
2-2: Reached on error, E5 (Line Drive, 56, EV 61.3 MPH)
Batting: RHB Matthew Stephens 0-0: Bunt missed!
0-1: Ball
Dave Ramsey is caught stealing 2nd base 2-4
1-1: Ball
2-1: Foul Ball, location: 2F
2-2: Ground out 4-3 (Groundball, 4, EV 83.1 MPH)
Batting: SHB José Carreon 0-0: Called Strike
0-1: Ground out 4-3 (Groundball, 4, EV 85.0 MPH)
Bottom of the 5th over - 0 runs, 0 hits, 1 error, 0 left on base; San Diego 2 - Colorado 1
TOP OF THE 6TH
San Diego Padres batting - Pitching for Colorado Rockies : LHP Sebastian Nodal
Batting: RHB Josiah Henderson 0-0: Foul Ball, location: 2F
0-1: Called Strike
0-2: Ground out 6-3 (Groundball, 6, EV 83.1 MPH)
Batting: RHB Silvio Sevilla 0-0: SINGLE (Line Drive, 5L, EV 95.6 MPH)
Batting: RHB Des Galindo 0-0: Called Strike
0-1: Ball
1-1: SINGLE (Line Drive, 89S, EV 95.6 MPH)
Silvio Sevilla to second
Batting: LHB Eric Ho 0-0: Called Strike
Silvio Sevilla steals 3rd base
Des Galindo to second
0-1: Called Strike
0-2: Strikes out looking
Batting: LHB Owen Chandler 0-0: Ball
1-0: SINGLE (Line Drive, 56, EV 102.5 MPH)
Silvio Sevilla scores
Des Galindo to third
Runner from 3rd tries for Home, SAFE, throw by LF to home
Batting: SHB Dexter Greer 0-0: Ball
1-0: SINGLE (Line Drive, 4D, EV 95.0 MPH)
Owen Chandler to second
Runner from 2nd tries for 3rd, SAFE, throw by CF made to third
Batting: LHB Lester Flores 0-0: SINGLE (Line Drive, 8RS, EV 105.6 MPH)
Owen Chandler scores
Dexter Greer to second
Runner from 2nd tries for 3rd, SAFE, throw by CF made to third
Pitching: LHP P.J. Danguilan
Batting: RHB Trinidad Apodaca 0-0: Foul Ball, location: 23FF
0-1: Ball
1-1: Swinging Strike
1-2: Ball
2-2: Ball
3-2: Base on Balls
Lester Flores to second
Batting: RHB Rudy Hughes 0-0: Ball
1-0: SINGLE (Line Drive, 6D, EV 100.6 MPH)
Dexter Greer scores
Lester Flores to third
Trinidad Apodaca to second
Runner from 3rd tries for Home, SAFE, throw by CF to home
Now in CF: Garrett Clark
Batting: RHB Josiah Henderson 0-0: Ball
1-0: Fly out, F7 (Line Drive, 7, EV 90.0 MPH)
Top of the 6th over - 5 runs, 6 hits, 0 errors, 2 left on base; San Diego 7 - Colorado 1
BOTTOM OF THE 6TH
Colorado Rockies batting - Pitching for San Diego Padres : RHP Ethan Lyon
Batting: RHB Kymani Whitley 0-0: Ball
1-0: Called Strike
1-1: Fly out, F7 (Flyball, 78D, EV 101.3 MPH)
Batting: LHB Landon Ramsburg 0-0: Called Strike
0-1: Ground out 4-3 (Groundball, 4, EV 105.0 MPH)
Batting: RHB Henry Vandervort 0-0: Called Strike
0-1: Ground out U3 (Groundball, 34S, EV 78.8 MPH)
Bottom of the 6th over - 0 runs, 0 hits, 0 errors, 0 left on base; San Diego 7 - Colorado 1
TOP OF THE 7TH
San Diego Padres batting - Pitching for Colorado Rockies : LHP P.J. Danguilan
Batting: RHB Silvio Sevilla 0-0: Ball
1-0: Foul Ball, location: 2F
1-1: Ball
2-1: Ball
3-1: Foul Ball, location: 9LDF
3-2: Strikes out swinging
Batting: RHB Des Galindo 0-0: Called Strike
0-1: Swinging Strike
0-2: Strikes out swinging
Batting: LHB Eric Ho 0-0: Ball
1-0: Foul Ball, location: 2RF
1-1: Ball
2-1: Ball
3-1: Foul Ball, location: 2F
3-2: SINGLE (Line Drive, 8LS, EV 90.6 MPH)
Batting: LHB Owen Chandler 0-0: Ball
1-0: Called Strike
1-1: Ball
2-1: Swinging Strike
2-2: Foul Ball, location: 3F
2-2: Strikes out swinging
Top of the 7th over - 0 runs, 1 hit, 0 errors, 1 left on base; San Diego 7 - Colorado 1
BOTTOM OF THE 7TH
Colorado Rockies batting - Pitching for San Diego Padres : RHP Ethan Lyon
Batting: RHB Keiran Coleman 0-0: Swinging Strike
0-1: Called Strike
0-2: Strikes out swinging
Batting: RHB Vic Soler 0-0: Ball
1-0: Ball
2-0: Called Strike
2-1: Foul Ball, location: 9LMF
2-2: Ball
3-2: Foul Ball, location: 9LSF
3-2: Strikes out looking
Batting: LHB Damian Rinehart 0-0: Ball
1-0: Called Strike
1-1: Ground out 4-3 (Groundball, 4, EV 78.1 MPH)
Bottom of the 7th over - 0 runs, 0 hits, 0 errors, 0 left on base; San Diego 7 - Colorado 1
TOP OF THE 8TH
San Diego Padres batting - Pitching for Colorado Rockies : LHP P.J. Danguilan
Batting: SHB Dexter Greer 0-0: Ball
1-0: Ball
2-0: Foul Ball, location: 2F
2-1: Swinging Strike
2-2: Ball
3-2: Foul Ball, location: 2F
3-2: Strikes out swinging
Batting: LHB Lester Flores 0-0: Ball
1-0: Called Strike
1-1: Called Strike
1-2: Strikes out looking
Batting: RHB Trinidad Apodaca 0-0: Called Strike
0-1: Ball
1-1: SINGLE (Groundball, 4D, EV 100.6 MPH)
Batting: RHB Rudy Hughes 0-0: Called Strike
0-1: Ball
1-1: Fly out, F8 (Flyball, 8LS, EV 87.5 MPH)
Top of the 8th over - 0 runs, 1 hit, 0 errors, 1 left on base; San Diego 7 - Colorado 1
BOTTOM OF THE 8TH
Colorado Rockies batting - Pitching for San Diego Padres : RHP Ethan Lyon
Batting: LHB Garrett Clark 0-0: Called Strike
0-1: Called Strike
0-2: Ball
1-2: Ball
2-2: Strikes out looking
Batting: RHB Matthew Stephens 0-0: Swinging Strike
0-1: Ball
1-1: Ball
2-1: Swinging Strike
2-2: DOUBLE (Line Drive, 78M, EV 96.3 MPH)
Batting: SHB José Carreon 0-0: Ball
1-0: Called Strike
1-1: Foul Ball, location: 5F
1-2: SINGLE (Line Drive, 89S, EV 105.6 MPH)
Matthew Stephens to third
Pitching: RHP Joaquin Duran
Batting: RHB Kymani Whitley 0-0: Ball
1-0: Ball
2-0: Foul Ball, location: 2F
2-1: Swinging Strike
2-2: DOUBLE (Line Drive, 3D, EV 106.3 MPH)
Matthew Stephens scores
José Carreon to third
Batting: LHB Landon Ramsburg 0-0: Foul Ball, location: 5F
0-1: Ball
1-1: Swinging Strike
1-2: Ground out 4-3 (Groundball, 4M, EV 102.5 MPH)
Batting: RHB Henry Vandervort 0-0: Foul Ball, location: 2F
0-1: Swinging Strike
0-2: Ball
1-2: Strikes out looking
Bottom of the 8th over - 1 run, 3 hits, 0 errors, 2 left on base; San Diego 7 - Colorado 2
TOP OF THE 9TH
San Diego Padres batting - Pitching for Colorado Rockies : LHP P.J. Danguilan
Pitching: RHP Timothy Brady
Pinch Hitting: LHB Neil Smyth 0-0: Called Strike
0-1: Ball
1-1: Ball
2-1: Ball
3-1: SINGLE (Groundball, 6MD, EV 93.8 MPH)
Batting: RHB Silvio Sevilla 0-0: Called Strike
0-1: Swinging Strike
0-2: Strikes out swinging
Batting: RHB Des Galindo 0-0: Called Strike
0-1: Fielders Choice at 2nd, 6-4 (Groundball, 6, EV 108.8 MPH)
Batting: LHB Eric Ho 0-0: Ball
1-0: Ball
2-0: Foul Ball, location: 9LSF
2-1: SINGLE (Flyball, 5D, EV 93.8 MPH)
Des Galindo to second
Runner from 2nd tries for 3rd, SAFE, throw by LF made to third
Batting: LHB Owen Chandler 0-0: Called Strike
0-1: Ball
1-1: Called Strike
1-2: Foul Ball, location: 2F
1-2: Ball
2-2: Foul Ball, location: 23F
2-2: Ball
3-2: Foul Ball, location: 2F
3-2: Strikes out swinging
Top of the 9th over - 0 runs, 2 hits, 0 errors, 2 left on base; San Diego 7 - Colorado 2
BOTTOM OF THE 9TH
Colorado Rockies batting - Pitching for San Diego Padres : RHP Joaquin Duran
Now at C: Flávio Chacon
Batting: RHB Keiran Coleman 0-0: Ball
1-0: Ball
2-0: Ball
3-0: Called Strike
3-1: Foul Ball, location: 3SF
3-2: SOLO HOME RUN (Flyball, 9D, EV 95.6 MPH), Distance : 365 ft
Pitching: RHP Adam Pearson
Batting: RHB Vic Soler 0-0: Called Strike
0-1: Swinging Strike
0-2: Ball
1-2: Strikes out swinging
Batting: LHB Damian Rinehart 0-0: Foul Ball, location: 9LSF
0-1: Ball
1-1: Swinging Strike
1-2: Foul Ball, location: 2F
1-2: Ground out U3 (Groundball, 34, EV 103.8 MPH)
Batting: LHB Garrett Clark 0-0: Foul Ball, location: 7LSF
0-1: Ball
1-1: Ball
2-1: Called Strike
2-2: Strikes out looking
Bottom of the 9th over - 1 run, 1 hit, 0 errors, 0 left on base; San Diego 7 - Colorado 3
Tuesday, April 23rd , 2024 - OOTP Baseball 24.11 Build 85